[ AOE2 MATCH · #505249215 ]
UnrankedShu vs Wu
Player's team · WIN
Rival team · LOSS
[ REPLAY ANALYSIS · EXTRACTED FROM THE RECORDED GAME ]
Feudal
8:52
Castle
20:46
Imperial
—
| APM avg | 87.8 |
| APM peak | 125 |
| eAPM avg | 44.2 |
| Villagers / military | 57 / 30 |
Focus
⚔️ 47.5% · 🌾 52.5%
Archer ×16 · Skirmisher ×13 · Unknown (1944) ×6 · Spearman ×1
Feudal
8:53
Castle
22:32
Imperial
—
| APM avg | 72.7 |
| APM peak | 92 |
| eAPM avg | 30.8 |
| Villagers / military | 48 / 18 |
Focus
⚔️ 46.4% · 🌾 53.6%
Archer ×9 · Militia ×5 · Skirmisher ×4
Match map
Initial resources + every placement click. Lines = walls · curves = elevation contours. ◆ gold · ⬟ stone · ● berries · ✦ relic · ◌ wall gap
Your base· ✓ Closed at 20:46 · 39t walls · no gate
我本善良's base· Open — opponent sealed themselves in
Smoothed initial terrain · ◌ = detected wall gap · hover for details
Inputs per minute
— DS_Ciskhan - - 我本善良
Build order — DS_Ciskhan
First 150 of 172 actions detected
| 0:01 | Create | Villager (Male) |
| 0:02 | Build | House |
| 0:02 | Build | House |
| 0:05 | Create | Villager (Male) |
| 0:05 | Create | Villager (Male) |
| 0:05 | Create | Villager (Male) |
| 0:06 | Create | Villager (Male) |
| 1:24 | Create | Villager (Male) |
| 1:25 | Create | Villager (Male) |
| 1:57 | Build | Mill |
| 2:04 | Create | Villager (Male) |
| 2:04 | Create | Villager (Male) |
| 2:21 | Create | Villager (Male) |
| 2:21 | Create | Villager (Male) |
| 2:54 | Create | Villager (Male) |
| 2:54 | Create | Villager (Male) |
| 3:01 | Build | House |
| 3:17 | Create | Villager (Male) |
| 3:18 | Create | Villager (Male) |
| 3:34 | Create | Villager (Male) |
| 3:34 | Create | Villager (Male) |
| 3:47 | Create | Villager (Male) |
| 3:47 | Create | Villager (Male) |
| 4:19 | Create | Villager (Male) |
| 4:20 | Create | Villager (Male) |
| 4:50 | Build | Lumber Camp |
| 5:02 | Create | Villager (Male) |
| 5:02 | Create | Villager (Male) |
| 5:02 | Create | Villager (Male) |
| 5:03 | Create | Villager (Male) |
| 5:07 | Create | Villager (Male) |
| 5:07 | Create | Villager (Male) |
| 5:23 | Build | Palisade Wall |
| 5:30 | Research | Loom |
| 6:35 | Build | Palisade Wall |
| 6:36 | Build | Palisade Wall |
| 6:42 | Research | Feudal Age |
| 7:07 | Build | House |
| 7:09 | Build | Palisade Wall |
| 7:10 | Build | Palisade Wall |
| 7:46 | Build | Barracks |
| 8:51 | Create | Villager (Male) |
| 8:52 | Age | Feudal Age |
| 8:53 | Create | Spearman |
| 8:56 | Build | Archery Range |
| 8:59 | Research | Double-Bit Axe |
| 9:03 | Create | Villager (Male) |
| 9:05 | Build | House |
| 9:13 | Build | Palisade Wall |
| 9:19 | Create | Villager (Male) |
| 9:24 | Build | Palisade Wall |
| 9:27 | Build | Palisade Wall |
| 9:29 | Build | Palisade Wall |
| 9:32 | Create | Villager (Male) |
| 9:59 | Build | Palisade Wall |
| 10:00 | Build | Palisade Wall |
| 10:02 | Create | Villager (Male) |
| 10:02 | Create | Villager (Male) |
| 10:03 | Create | Villager (Male) |
| 10:08 | Build | Mill |
| 10:28 | Build | House |
| 10:34 | Create | Archer |
| 10:35 | Create | Archer |
| 10:48 | Build | House |
| 10:57 | Build | Palisade Wall |
| 11:00 | Create | Villager (Male) |
| 11:01 | Build | House |
| 11:02 | Build | Palisade Wall |
| 11:03 | Create | Villager (Male) |
| 11:04 | Research | Horse Collar |
| 11:11 | Build | Palisade Wall |
| 11:12 | Build | Palisade Wall |
| 11:24 | Create | Villager (Male) |
| 11:25 | Create | Villager (Male) |
| 11:29 | Build | Farm |
| 11:29 | Build | Farm |
| 11:39 | Create | Skirmisher |
| 11:39 | Create | Skirmisher |
| 11:51 | Build | Farm |
| 12:00 | Create | Villager (Male) |
| 12:00 | Create | Villager (Male) |
| 12:04 | Build | Palisade Wall |
| 12:05 | Build | Palisade Wall |
| 12:10 | Create | Skirmisher |
| 12:12 | Build | Farm |
| 12:24 | Build | Palisade Gate |
| 12:28 | Build | Farm |
| 12:48 | Build | Farm |
| 12:57 | Create | Villager (Male) |
| 13:01 | Build | Farm |
| 13:02 | Build | Farm |
| 13:14 | Build | Palisade Wall |
| 13:18 | Build | Farm |
| 13:24 | Build | House |
| 13:27 | Create | Villager (Male) |
| 13:29 | Build | Farm |
| 13:32 | Build | Farm |
| 13:47 | Build | Lumber Camp |
| 13:52 | Create | Villager (Male) |
| 13:57 | Build | Farm |
| 14:16 | Create | Skirmisher |
| 14:16 | Create | Skirmisher |
| 14:16 | Create | Skirmisher |
| 14:33 | Create | Villager (Male) |
| 14:44 | Build | Mining Camp |
| 14:50 | Create | Skirmisher |
| 14:54 | Build | House |
| 15:11 | Create | Villager (Male) |
| 15:11 | Create | Skirmisher |
| 15:16 | Build | House |
| 15:19 | Build | House |
| 15:26 | Create | Villager (Male) |
| 15:26 | Create | Skirmisher |
| 15:43 | Create | Villager (Male) |
| 15:45 | Build | Blacksmith |
| 15:53 | Create | Villager (Male) |
| 16:10 | Create | Archer |
| 16:10 | Create | Archer |
| 16:15 | Create | Villager (Male) |
| 16:34 | Build | Lumber Camp |
| 16:49 | Create | Skirmisher |
| 16:56 | Research | Fletching |
| 17:00 | Build | Watch Tower |
| 17:04 | Build | House |
| 17:06 | Create | Skirmisher |
| 17:52 | Research | Gold Mining |
| 18:01 | Build | Farm |
| 18:05 | Build | House |
| 18:06 | Research | Castle Age |
| 18:06 | Research | Castle Age |
| 18:07 | Create | Skirmisher |
| 18:07 | Create | Skirmisher |
| 18:13 | Build | House |
| 18:20 | Research | Padded Archer Armor |
| 18:46 | Research | Fletching |
| 18:46 | Research | Fletching |
| 18:51 | Create | Archer |
| 18:52 | Create | Archer |
| 18:54 | Build | Stable |
| 19:05 | Create | Villager (Male) |
| 19:17 | Create | Villager (Male) |
| 19:19 | Create | Archer |
| 19:19 | Create | Archer |
| 19:50 | Research | Scale Barding Armor |
| 20:26 | Create | Archer |
| 20:26 | Create | Archer |
| 20:44 | Create | Archer |
| 20:45 | Create | Archer |
| 20:46 | Age | Castle Age |
| 21:01 | Research | Bodkin Arrow |
Build order — 我本善良
141 actions detected in the replay
| 0:00 | Create | Villager (Male) |
| 0:00 | Create | Villager (Male) |
| 0:01 | Build | House |
| 0:02 | Build | House |
| 0:05 | Create | Villager (Male) |
| 0:05 | Create | Villager (Male) |
| 1:31 | Create | Villager (Male) |
| 1:46 | Build | Lumber Camp |
| 1:58 | Create | Villager (Male) |
| 1:58 | Create | Villager (Male) |
| 2:27 | Create | Villager (Male) |
| 2:54 | Create | Villager (Male) |
| 2:54 | Create | Villager (Male) |
| 3:36 | Create | Villager (Male) |
| 3:44 | Build | House |
| 4:00 | Create | Villager (Male) |
| 4:00 | Create | Villager (Male) |
| 4:15 | Build | Mill |
| 4:26 | Create | Villager (Male) |
| 4:51 | Create | Villager (Male) |
| 5:11 | Create | Villager (Male) |
| 5:45 | Create | Villager (Male) |
| 6:06 | Create | Villager (Male) |
| 6:10 | Research | Loom |
| 6:19 | Build | Barracks |
| 6:43 | Research | Feudal Age |
| 6:43 | Research | Feudal Age |
| 7:02 | Build | House |
| 7:17 | Create | Militia |
| 7:17 | Create | Militia |
| 7:39 | Create | Militia |
| 7:42 | Build | Mining Camp |
| 8:11 | Build | Palisade Wall |
| 8:16 | Create | Villager (Male) |
| 8:23 | Build | House |
| 8:53 | Age | Feudal Age |
| 8:59 | Research | Man-at-Arms (upgrade) |
| 9:07 | Build | Archery Range |
| 9:11 | Research | Double-Bit Axe |
| 9:11 | Research | Double-Bit Axe |
| 9:32 | Create | Villager (Male) |
| 9:51 | Build | House |
| 9:54 | Create | Villager (Male) |
| 9:55 | Create | Villager (Male) |
| 10:05 | Create | Villager (Male) |
| 10:05 | Create | Villager (Male) |
| 10:07 | Create | Archer |
| 10:08 | Build | House |
| 10:09 | Build | Palisade Wall |
| 10:33 | Build | Mill |
| 10:39 | Create | Archer |
| 10:40 | Create | Villager (Male) |
| 11:04 | Build | Farm |
| 11:25 | Create | Archer |
| 11:28 | Create | Villager (Male) |
| 11:29 | Build | Farm |
| 11:30 | Build | Farm |
| 11:37 | Build | Farm |
| 11:38 | Build | Farm |
| 11:44 | Build | Palisade Wall |
| 11:46 | Create | Archer |
| 11:56 | Build | Palisade Wall |
| 12:01 | Create | Villager (Male) |
| 12:07 | Create | Archer |
| 12:12 | Build | Farm |
| 12:13 | Build | Palisade Wall |
| 12:28 | Create | Villager (Male) |
| 12:33 | Create | Skirmisher |
| 12:58 | Create | Villager (Male) |
| 13:02 | Build | House |
| 13:05 | Build | Farm |
| 13:08 | Create | Skirmisher |
| 13:12 | Build | Farm |
| 13:14 | Build | Farm |
| 13:18 | Create | Archer |
| 13:20 | Build | House |
| 13:27 | Create | Villager (Male) |
| 13:33 | Create | Skirmisher |
| 13:47 | Create | Villager (Male) |
| 14:00 | Build | Palisade Wall |
| 14:00 | Build | Palisade Wall |
| 14:17 | Build | Blacksmith |
| 14:23 | Create | Villager (Male) |
| 14:42 | Create | Skirmisher |
| 14:47 | Create | Villager (Male) |
| 14:51 | Create | Archer |
| 15:06 | Research | Fletching |
| 15:06 | Research | Fletching |
| 15:07 | Create | Militia |
| 15:11 | Create | Villager (Male) |
| 15:15 | Build | Farm |
| 15:17 | Build | Farm |
| 15:18 | Build | Farm |
| 15:21 | Build | Farm |
| 15:23 | Create | Villager (Male) |
| 15:40 | Build | Watch Tower |
| 15:44 | Create | Militia |
| 15:45 | Create | Archer |
| 15:51 | Research | Padded Archer Armor |
| 15:51 | Research | Padded Archer Armor |
| 16:04 | Create | Villager (Male) |
| 16:10 | Build | Farm |
| 16:11 | Build | Farm |
| 16:28 | Build | Watch Tower |
| 16:41 | Build | Watch Tower |
| 16:45 | Build | Watch Tower |
| 16:48 | Build | Watch Tower |
| 16:49 | Create | Villager (Male) |
| 16:50 | Create | Archer |
| 16:52 | Build | Farm |
| 17:04 | Create | Villager (Male) |
| 17:06 | Build | Farm |
| 17:17 | Build | House |
| 17:47 | Create | Villager (Male) |
| 17:58 | Create | Villager (Male) |
| 18:01 | Create | Villager (Male) |
| 18:02 | Build | Market |
| 18:15 | Create | Villager (Male) |
| 18:29 | Build | Farm |
| 18:30 | Build | Farm |
| 19:12 | Create | Villager (Male) |
| 19:13 | Build | House |
| 19:39 | Research | Castle Age |
| 19:39 | Research | Castle Age |
| 19:54 | Create | Villager (Male) |
| 20:29 | Create | Villager (Male) |
| 20:32 | Research | Horse Collar |
| 20:41 | Build | Barracks |
| 21:03 | Research | Scale Mail Armor |
| 21:28 | Build | Mining Camp |
| 21:46 | Create | Villager (Male) |
| 21:50 | Build | Lumber Camp |
| 21:54 | Research | Forging |
| 22:14 | Create | Villager (Male) |
| 22:22 | Build | Watch Tower |
| 22:32 | Age | Castle Age |
| 22:35 | Research | Pikeman (upgrade) |
| 22:36 | Research | Squires |
| 22:40 | Create | Villager (Male) |
| 22:46 | Research | Bow Saw |
| 22:46 | Research | Bow Saw |
Match timeline
| 5:23 | DS_Ciskhan · wall_segment Palisade Wall x5 |
| 6:19 | 我本善良 · first_building Barracks |
| 6:35 | DS_Ciskhan · wall_segment Palisade Wall x1 |
| 6:36 | DS_Ciskhan · wall_segment Palisade Wall x1 |
| 7:09 | DS_Ciskhan · wall_segment Palisade Wall x1 |
| 7:10 | DS_Ciskhan · wall_segment Palisade Wall x1 |
| 7:46 | DS_Ciskhan · first_building Barracks |
| 8:11 | 我本善良 · wall_segment Palisade Wall x1 |
| 8:52 | DS_Ciskhan · age_up feudal |
| 8:53 | 我本善良 · age_up feudal |
| 8:56 | DS_Ciskhan · first_building Archery Range |
| 9:07 | 我本善良 · first_building Archery Range |
| 9:13 | DS_Ciskhan · wall_segment Palisade Wall x7 |
| 9:24 | DS_Ciskhan · wall_segment Palisade Wall x1 |
| 9:27 | DS_Ciskhan · wall_segment Palisade Wall x1 |
| 9:29 | DS_Ciskhan · wall_segment Palisade Wall x1 |
| 9:59 | DS_Ciskhan · wall_segment Palisade Wall x1 |
| 10:00 | DS_Ciskhan · wall_segment Palisade Wall x1 |
| 10:09 | 我本善良 · wall_segment Palisade Wall x3 |
| 10:57 | DS_Ciskhan · wall_segment Palisade Wall x1 |
| 11:02 | DS_Ciskhan · wall_segment Palisade Wall x5 |
| 11:11 | DS_Ciskhan · wall_segment Palisade Wall x1 |
| 11:12 | DS_Ciskhan · wall_segment Palisade Wall x1 |
| 11:44 | 我本善良 · wall_segment Palisade Wall x5 |
| 11:56 | 我本善良 · wall_segment Palisade Wall x12 |
| 12:04 | DS_Ciskhan · wall_segment Palisade Wall x3 |
| 12:05 | DS_Ciskhan · wall_segment Palisade Wall x3 |
| 12:13 | 我本善良 · wall_segment Palisade Wall x1 |
| 13:14 | DS_Ciskhan · wall_segment Palisade Wall x4 |
| 14:00 | 我本善良 · wall_segment Palisade Wall x5 |
| 14:00 | 我本善良 · wall_segment Palisade Wall x4 |
| 18:54 | DS_Ciskhan · first_building Stable |
| 19:22 | 我本善良 · first_market_buy 100 food |
| 19:22 | 我本善良 · first_market_sell 100 wood |
| 20:46 | DS_Ciskhan · age_up castle |
| 22:32 | 我本善良 · age_up castle |
| 22:55 | 我本善良 · resign |
[ AI ANALYSIS · 1 CREDIT ]
What really happened in this match?
Wolo.gg analyzes every decision: build order, eco, micro, common mistakes by bracket. Personalized analysis on WhatsApp or Discord in 30 seconds.
Civ guide
Shu
Perfil
Ciskhan